[Event "Team 45 45 League T89"]
[Site "Internet Chess Club"]
[Date "2021.08.16"]
[Round "6"]
[White "fvafier"]
[Black "vollmerj"]
[Result "1-0"]
[WhiteElo "1536"]
[BlackElo "1446"]
[Opening "King's Indian: Kazakh variation"]
[ECO "E91"]
[Time "18:31:10"]
[TimeControl "2700+45"]

1. d4 Nf6 2. c4 g6 3. Nc3 Bg7 4. e4 d6 5. Nf3 O-O 6. Be2 Na6 7. O-O c5 8. d5 e6
9. Rb1 exd5 10. cxd5 Nc7 11. b4 b6 12. bxc5 bxc5 13. Nd2 Nd7 14. Nb5 Nxb5 15.
Bxb5 a6 16. Be2 f5 17. Bf3 fxe4 18. Nxe4 Nf6 19. Ng5 Bf5 20. Ne6 Qe7 21. Rb6
Rfb8 22. Qb3 Rxb6 23. Qxb6 Bd3 24. Re1 Bc4 25. Qa5 Qb7 26. Nxg7 Kxg7 27. Qc3 Bb5
28. Bb2 Qf7 29. Re6 Rf8 30. Rxd6 g5 31. Qxc5 Kg8 32. Qd4 Kg7 33. h3 h6 34. Re6
Bd7 35. Rxa6 Qe7 36. Qe3 Qb4 37. Bxf6+ Rxf6 38. Qe5 Qb1+ 39. Kh2 Qf5 40. Qxf6+
Qxf6 41. Rxf6 Kxf6 42. Be2 Ke5 43. Bc4 Kd4 44. Bb3 Kd3 45. Kg3 Kd4 46. f4 gxf4+
47. Kxf4 Kd3 48. g4 Ke2 49. h4 Kd3 50. g5 hxg5+ 51. hxg5 Kd4 52. g6 Be8 53. Kf5
Kc5 54. Kf6 Kd6 55. g7 {Black resigns} 1-0

[Event "Team 45 45 League T89"]
[Site "Internet Chess Club"]
[Date "2021.08.16"]
[Round "6"]
[White "Validus"]
[Black "Denis240964"]
[Result "1-0"]
[WhiteElo "1425"]
[BlackElo "1431"]
[Opening "Vienna game"]
[ECO "C28"]
[Time "13:02:23"]
[TimeControl "2700+45"]

1. e4 e5 2. Nc3 Nc6 3. Bc4 Nf6 4. f4 d6 5. fxe5 Nxe5 6. Qe2 Nxc4 7. Qxc4 Be6 8.
Qb5+ Bd7 9. Qb3 Bc6 10. d3 Be7 11. Nf3 O-O 12. Bg5 Rb8 13. Bxf6 Bxf6 14. Nd5
Bxd5 15. Qxd5 c6 16. Qh5 Bxb2 17. Rb1 Bc3+ 18. Ke2 Bf6 19. h4 Re8 20. Ng5 Bxg5
21. hxg5 h6 22. gxh6 g6 23. h7+ Kh8 24. Qf3 f5 25. Qf2 fxe4 26. Qd4+ Re5 27.
dxe4 Qe7 28. Kd3 c5 29. Qf2 c4+ 30. Kc3 Rxe4 31. Rbd1 Rf8 32. Qxa7 Re3+ 33. Kb2
Qe5+ 34. Qd4 Qxd4+ 35. Rxd4 Re6 36. Rxc4 Rf7 37. Rc8+ Kg7 38. h8=Q# {Black
checkmated} 1-0

[Event "Team 45 45 League T89"]
[Site "Internet Chess Club"]
[Date "2021.08.15"]
[Round "6"]
[White "Megasus"]
[Black "Kidpython"]
[Result "1-0"]
[WhiteElo "1404"]
[BlackElo "1105"]
[Opening "Queen's pawn game, Darooha variation "]
[ECO "D02"]
[Time "19:22:49"]
[TimeControl "2700+45"]

1. Nf3 d5 2. d4 Nf6 3. h3 Nc6 4. e3 a6 5. Nbd2 Bf5 6. a3 e6 7. b3 Bd6 8. Bb2 O-O
9. c4 b6 10. Qc1 Qe7 11. cxd5 Nd8 12. dxe6 Nxe6 13. Ne5 Ne4 14. Ndf3 Bxe5 15.
Nxe5 f6 16. Nc6 Qd7 17. a4 Nd8 18. d5 Nxc6 19. dxc6 Qd8 20. Bc4+ Kh8 21. O-O Nd2
22. Rd1 Qe8 23. Rxd2 Qg6 24. Kh2 Be4 25. f3 Bxc6 26. Bd3 Qe8 27. Re2 Qd7 28. Qc2
Qd6+ 29. Kg1 Rfd8 30. Be4 Bxe4 31. Qxe4 Qd3 32. Qc4 Qxc4 33. bxc4 Re8 34. Rd1
Rab8 35. Rd7 Rb7 36. Red2 h6 37. Rd8 Rxd8 38. Rxd8+ Kh7 39. Rd7 b5 40. cxb5 axb5
41. axb5 Rxb5 42. Bxf6 Kg6 43. Bxg7 Rb1+ 44. Kf2 Rb2+ 45. Kg3 Rb3 46. Rxc7 Rxe3
47. Bd4 Rd3 48. Rc6+ Kf5 49. Rc5+ Ke6 50. Re5+ Kf6 51. Re3+ Kf5 52. Rxd3 h5 53.
Re3 h4+ 54. Kxh4 Kg6 55. g4 Kh6 56. g5+ Kg6 57. Re6+ Kf5 58. Rf6# {Black
checkmated} 1-0

[Event "Team 45 45 League T89"]
[Site "Internet Chess Club"]
[Date "2021.08.15"]
[Round "6"]
[White "fhunfi"]
[Black "QuieroAprender"]
[Result "1-0"]
[WhiteElo "1826"]
[BlackElo "1607"]
[Opening "Vienna game"]
[ECO "C28"]
[Time "20:30:24"]
[TimeControl "2700+45"]

1. e4 e5 2. Nc3 Nc6 3. Bc4 Nf6 4. d3 Be7 5. f4 d6 6. Nge2 Bg4 7. O-O Nd4 8. h3
Nxe2+ 9. Nxe2 Be6 10. Bxe6 fxe6 11. fxe5 dxe5 12. Be3 Bd6 13. Ng3 h6 14. Nh5 Qe7
15. Nxf6+ gxf6 16. Qf3 Kd7 17. Qxf6 Bc5 18. Qxe7+ Bxe7 19. Rf7 b6 20. Raf1 Raf8
21. Rxf8 Bxf8 22. Rf7+ Kd6 23. Kh2 a5 24. g4 Be7 25. Kg3 Kd7 26. h4 Ke8 27. Rf1
h5 28. g5 Rf8 29. Rxf8+ Kxf8 30. c3 Kf7 31. a4 Bd6 32. Kf3 Be7 33. d4 exd4 34.
cxd4 Bd8 35. Bf4 c6 36. Be5 Kg6 37. Kf4 b5 38. b3 bxa4 39. bxa4 Be7 40. Ke3 Bb4
41. Bg3 Kf7 42. Ke2 Kg6 43. Be1 c5 44. Bxb4 cxb4 45. d5 exd5 46. exd5 {Black
resigns} 1-0

[Event "Team 45 45 League T89"]
[Site "Internet Chess Club"]
[Date "2021.08.12"]
[Round "6"]
[White "kabindra"]
[Black "Draconian"]
[Result "0-1"]
[WhiteElo "1641"]
[BlackElo "1723"]
[Opening "Sicilian: closed"]
[ECO "B23"]
[Time "16:00:23"]
[TimeControl "2700+45"]

1. e4 c5 2. Nc3 g6 3. d4 cxd4 4. Qxd4 Nf6 5. Bb5 Nc6 6. Bxc6 dxc6 7. Qxd8+ Kxd8
8. Bf4 Nh5 9. O-O-O+ Ke8 10. Bc7 Bd7 11. Nf3 Bg7 12. e5 Rc8 13. e6 Bxe6 14. Be5
f6 15. Bd4 b6 16. h3 Nf4 17. Ng5 Bd5 18. Nxd5 cxd5 19. g3 Ne2+ 20. Kb1 Nxd4
{White resigns} 0-1

[Event "Team 45 45 League T89"]
[Site "Internet Chess Club"]
[Date "2021.08.14"]
[Round "6"]
[White "trogers41"]
[Black "julesraider"]
[Result "1/2-1/2"]
[WhiteElo "1295"]
[BlackElo "1525"]
[Opening "Caro-Kann: advance variation"]
[ECO "B12"]
[Time "17:05:34"]
[TimeControl "2700+45"]

1. e4 c6 2. d4 d5 3. e5 c5 4. dxc5 Nc6 5. Bb5 e6 6. Be3 Ne7 7. c3 a6 8. Ba4 Bd7
9. Bxc6 Nxc6 10. Nf3 Qc7 11. Bd4 a5 12. a4 Be7 13. O-O O-O 14. Re1 Na7 15. Nbd2
Bc6 16. b4 Bd7 17. Nb3 axb4 18. cxb4 Nc6 19. Bc3 Nd8 20. Nbd4 b6 21. Nb5 Bxb5
22. axb5 Rxa1 23. Qxa1 bxc5 24. bxc5 Bxc5 25. Ba5 Qa7 26. Bxd8 Bxf2+ 27. Kf1
Rxd8 28. Qxa7 Bxa7 29. Rb1 Rb8 30. Ke2 h6 31. g4 Kf8 32. Kd3 Ke7 33. Nd4 Kd7 34.
Nc6 Rb7 35. h3 Bb6 36. Rb3 Bc5 37. Rb1 f6 38. Rb3 fxe5 39. Nxe5+ Kd6 40. Nc6 e5
41. Nd8 e4+ 42. Ke2 Rd7 43. Nc6 Rf7 44. Nd8 Rf2+ 45. Ke1 Bb6 46. Nc6 d4 47. Kxf2
d3+ 48. Ke1 Kd5 49. Kd2 Ke6 50. Rxd3 exd3 51. Kxd3 Kd5 52. Ne7+ Ke6 53. Nf5 Kf6
54. Ke4 Bc7 55. Kd5 h5 56. Kc6 Ba5 57. b6 Bxb6 58. Kxb6 hxg4 59. hxg4 g6 60. Ne3
Ke5 61. Kc5 Kf4 62. Kd4 Kf3 63. Kd3 Kf4 64. Kd4 Kf3 65. Kd3 {Game drawn by
mutual agreement} 1/2-1/2

[Event "Team 45 45 League T89"]
[Site "Internet Chess Club"]
[Date "2021.08.12"]
[Round "6"]
[White "Toalla"]
[Black "Fulmar"]
[Result "1/2-1/2"]
[WhiteElo "1159"]
[BlackElo "1180"]
[Opening "QGA: classical, Rubinstein variation"]
[ECO "D20"]
[Time "17:16:38"]
[TimeControl "2700+45"]

1. d4 d5 2. c4 dxc4 3. a4 Nf6 4. Nf3 e6 5. e3 a6 6. Bxc4 c5 7. O-O Nbd7 8. Nc3
b6 9. Re1 Bb7 10. e4 cxd4 11. Nxd4 Ne5 12. Bb3 Bb4 13. Nde2 Qxd1 14. Rxd1 Bxc3
15. Nxc3 Ke7 16. f3 Rhd8 17. Be3 Nfd7 18. Ne2 Rac8 19. Nd4 Nc5 20. Bc2 Nc4 21.
Bg5+ f6 22. Bc1 Rc7 23. b4 Nd7 24. b5 a5 25. Bf4 e5 26. Nf5+ Kf7 27. Bc1 g6 28.
Nh6+ Kg7 29. Kf2 Rf8 30. Bb3 Bc8 31. Bxc4 Rxc4 32. Rd6 f5 33. exf5 gxf5 34. Ba3
Rf6 35. Rxf6 Nxf6 36. Bc1 f4 37. Ng4 Rc2+ 38. Kf1 Nxg4 39. fxg4 Bxg4 40. Kg1 f3
41. gxf3 Bxf3 42. Be3 Rg2+ 43. Kf1 Rg6 44. Ra2 Rh6 45. Rf2 Rf6 46. Bxb6 Rxb6 47.
Rxf3 h6 48. h4 Re6 49. Ke2 e4 50. Rf4 Re5 51. Ke3 Rc5 52. Rxe4 Kf6 53. Kd4 Rc8
54. b6 Rc6 55. b7 Rb6 56. Re5 Rxb7 57. Rxa5 Rb4+ 58. Kc3 Rxh4 59. Ra6+ Ke7 60.
a5 Ra4 61. Ra7+ Kd8 62. a6 Kc8 63. Kb3 Ra1 64. Rh7 Rxa6 65. Kc3 Rd6 66. Rh8+
{Game drawn by mutual agreement} 1/2-1/2

[Event "Team 45 45 League T89"]
[Site "Internet Chess Club"]
[Date "2021.08.13"]
[Round "6"]
[White "rubo"]
[Black "handsomematch"]
[Result "1-0"]
[WhiteElo "1494"]
[BlackElo "1383"]
[Opening "Queen's pawn: London system"]
[ECO "A45"]
[Time "23:45:32"]
[TimeControl "2700+45"]

1. d4 Nf6 2. Bf4 g6 3. Nc3 d5 4. e3 Bg7 5. Bd3 O-O 6. h4 b6 7. Qe2 a6 8. Nf3
Nbd7 9. O-O-O e6 10. Ne5 Nxe5 11. Bxe5 Bb7 12. g4 c5 13. Qf3 c4 14. Be2 b5 15.
Rdg1 b4 16. Na4 Nd7 17. Bxg7 Kxg7 18. Bxc4 Qc7 19. Bd3 Bc6 20. Nc5 Nxc5 21. dxc5
Qa5 22. Kb1 Qxc5 23. Qf4 Qe7 24. Rh3 e5 25. Qg3 e4 26. Be2 f6 27. g5 fxg5 28.
hxg5 Rf7 29. Rgh1 Kg8 30. Rh6 Raf8 31. Qh4 Rc8 32. Rxg6+ Rg7 33. Qxh7+ Kf8 34.
Qh8+ Kf7 35. Rxg7+ Ke6 {Black resigns} 1-0

[Event "Team 45 45 League T89"]
[Site "Internet Chess Club"]
[Date "2021.08.12"]
[Round "6"]
[White "aec7r3b"]
[Black "nosir"]
[Result "1-0"]
[WhiteElo "1278"]
[BlackElo "1421"]
[Opening "King's pawn opening"]
[ECO "B07"]
[Time "16:30:28"]
[TimeControl "2700+45"]

1. e4 d6 2. d4 g6 3. Nf3 Bg4 4. h3 Bxf3 5. Qxf3 Bg7 6. Bc4 e6 7. Be3 c6 8. O-O
Nf6 9. Nc3 O-O 10. Rad1 Nbd7 11. Bg5 Qc7 12. Rfe1 d5 13. exd5 exd5 14. Bb3 Rae8
15. Bf4 Qd8 16. Ne2 Nb6 17. Ng3 Re7 18. Bd2 Rfe8 19. Rxe7 Rxe7 20. Bb4 Re8 21.
Nf1 Ne4 22. Ne3 Ng5 23. Qg3 Qf6 24. Qd6 Re6 25. Qb8+ {Black resigns} 1-0

[Event "Team 45 45 League T89"]
[Site "Internet Chess Club"]
[Date "2021.08.15"]
[Round "6"]
[White "g8wrb"]
[Black "eevee11"]
[Result "0-1"]
[WhiteElo "1265"]
[BlackElo "1294"]
[Opening "Ponziani opening"]
[ECO "C44"]
[Time "13:01:27"]
[TimeControl "2700+45"]

1. e4 e5 2. Nf3 Nc6 3. c3 d5 4. exd5 Qxd5 5. d4 exd4 6. cxd4 Bb4+ 7. Nc3 Bg4 8.
Be2 O-O-O 9. O-O Qd6 10. Qb3 Bxf3 11. Bxf3 Nxd4 12. Qxf7 Bxc3 13. bxc3 Nxf3+ 14.
Qxf3 Ne7 15. Rb1 Qa6 16. Bg5 Rde8 17. Rfe1 Ng6 18. Rxe8+ Rxe8 19. Qf7 Rf8 20.
Qxg7 Qxa2 21. Rf1 Qa5 22. Be7 Re8 23. Bb4 Qh5 24. Qd4 a5 25. Rd1 Qe2 26. h3 axb4
27. Ra1 b6 28. Ra8+ Kb7 29. Rxe8 Qxe8 30. cxb4 Qe5 31. Qc4 Qe1+ 32. Kh2 Qxf2 33.
Qd5+ Ka7 34. Qc6 Qf4+ 35. Kh1 Qxb4 36. Qxc7+ Ka6 37. Qxh7 Qe1+ 38. Kh2 Qe5+ 39.
Kh1 Qg3 40. Qg7 Ka5 41. Qa1+ Kb4 42. Qd4+ Kb5 43. Qb2+ Ka6 44. Qa2+ Kb7 45. Qf7+
Ka8 46. Qa2+ Kb8 47. Qg8+ Kb7 48. Qd5+ Ka6 49. Qa2+ Kb5 50. Qd5+ Ka4 51. Qc4+
Ka5 52. Qa2+ Kb4 53. Qd2+ Kb5 54. Qb2+ Kc6 55. Qf6+ Qd6 56. Qf3+ Kc7 57. Qf7+
Ne7 58. Qc4+ Qc5 59. Qf4+ Kb7 60. Qe4+ Ka6 61. Qa4+ Qa5 62. Qc4+ Qb5 63. Qa2+
Kb7 64. Qf7 Qd7 65. Kg1 b5 66. Kh2 b4 67. Kg1 Kb6 68. Qf2+ Kb5 69. Qe2+ Ka5 70.
Qe5+ Nd5 71. Kh1 b3 72. Qe1+ Nb4 73. Qa1+ Na2 74. Qe5+ Qb5 75. Qe1+ Ka4 76. Qe4+
Ka3 77. Qa8+ Qa4 78. Qf8+ Nb4 79. Qf3 Ka2 80. Qf7 Qa3 81. Kh2 Ka1 82. Qf1+ Ka2
83. Qf7 Kb1 84. Qf3 Nc2 85. Qe2 Qc1 86. Qd3 b2 87. Qb3 Qf4+ 88. Kh1 Kc1 89. Qb6
b1=Q 90. Qg1+ Kb2 {White resigns} 0-1

[Event "Team 45 45 League T89"]
[Site "Internet Chess Club"]
[Date "2021.08.15"]
[Round "6"]
[White "buptwy"]
[Black "SeniorCitizen"]
[Result "0-1"]
[WhiteElo "1090"]
[BlackElo "1273"]
[Opening "French: Two knights variation"]
[ECO "C00"]
[Time "12:00:24"]
[TimeControl "2700+45"]

1. e4 e6 2. Nf3 d5 3. Nc3 Nf6 4. e5 Nfd7 5. d4 c5 6. Be3 cxd4 7. Bxd4 Nc6 8. Bb5
Bc5 9. Bxc5 Nxc5 10. Nd4 Qc7 11. Qe2 O-O 12. O-O-O Qxe5 13. Nxc6 Qxe2 14. Nxe2
bxc6 15. Bxc6 Bb7 16. Bxb7 Nxb7 17. Nd4 Kh8 18. Rd3 a5 19. Rh3 Nc5 20. Re1 Ne4
21. f3 Nf6 22. Re5 g6 23. g4 Rg8 24. Rg3 Rg7 25. f4 Nd7 26. Re1 Nf6 27. Reg1 Ne4
28. R3g2 Ra6 29. f5 g5 30. Nf3 Nf6 31. h4 Ne4 32. Nxg5 Nxg5 33. hxg5 Rxg5 34.
Rh1 exf5 35. Rgh2 h6 36. Rxh6+ Rxh6 37. Rxh6+ Kg7 38. Rh5 Rxh5 39. gxh5 f4 40.
Kd1 Kh6 41. Ke2 Kxh5 42. Kf3 Kg5 43. c3 Kf5 44. b4 axb4 45. cxb4 d4 46. Ke2 Ke4
47. b5 d3+ 48. Kd2 f3 {White resigns} 0-1

[Event "Team 45 45 League T89"]
[Site "Internet Chess Club"]
[Date "2021.08.12"]
[Round "6"]
[White "Goli"]
[Black "MacroPawn"]
[Result "1-0"]
[WhiteElo "1778"]
[BlackElo "1796"]
[Opening "Pirc: classical, h3 system"]
[ECO "B07"]
[Time "16:39:08"]
[TimeControl "2700+45"]

1. e4 d6 2. d4 Nf6 3. Nc3 g6 4. h3 Bg7 5. Nf3 a5 6. a4 Na6 7. Bc4 O-O 8. O-O c5
9. d5 Nh5 10. Nb5 Nc7 11. Nxc7 Qxc7 12. c3 Bd7 13. Bg5 f5 14. exf5 Bxf5 15. g4
Be4 16. Nd2 Nf4 17. Nxe4 Nxh3+ 18. Kg2 Rf4 19. Kxh3 Rxe4 20. Bd3 Re5 21. Bf4 Rf8
22. Bxe5 dxe5 23. Be4 Rf4 24. f3 Qb6 25. Qc2 h5 26. g5 e6 27. c4 exd5 28. cxd5
c4 29. Qxc4 Qxb2 30. Ra2 Qb6 31. d6+ Kh7 32. d7 Qd8 33. Rd2 Qxg5 34. Bxg6+ Kh6
{Black resigns} 1-0

[Event "Team 45 45 League T89"]
[Site "Internet Chess Club"]
[Date "2021.08.14"]
[Round "6"]
[White "gera-carp75"]
[Black "Egmont"]
[Result "1-0"]
[WhiteElo "1850"]
[BlackElo "1657"]
[Opening "French: Tarrasch, open variation"]
[ECO "C07"]
[Time "12:16:19"]
[TimeControl "2700+45"]

1. e4 e6 2. d4 d5 3. Nd2 c5 4. exd5 Qxd5 5. dxc5 Bxc5 6. Ngf3 Nf6 7. Bc4 Qc6 8.
Qe2 a6 9. O-O Nbd7 10. Nb3 Be7 11. Nbd4 Qc5 12. Bxe6 O-O 13. Nf5 Qxf5 {Black
resigns} 1-0

[Event "Team 45 45 League T89"]
[Site "Internet Chess Club"]
[Date "2021.08.16"]
[Round "6"]
[White "cityprosecutor"]
[Black "evan7284"]
[Result "1-0"]
[WhiteElo "1712"]
[BlackElo "1651"]
[Opening "Petrov: modern attack, main line"]
[ECO "C43"]
[Time "14:32:11"]
[TimeControl "2700+45"]

1. e4 e5 2. Nf3 Nf6 3. d4 exd4 4. e5 Ne4 5. Qxd4 d5 6. exd6 Nxd6 7. Bf4 Nc6 8.
Qd2 Be7 9. Nc3 O-O 10. O-O-O Bf5 11. Bd3 Bxd3 12. Qxd3 a6 13. h4 b5 14. Ng5 g6
15. Nd5 Bf6 16. Ne4 Nxe4 17. Qxe4 Re8 18. Qxe8+ Qxe8 19. Nxf6+ Kf8 20. Nxe8 Rxe8
21. Rhe1 {Black resigns} 1-0

[Event "Team 45 45 League T89"]
[Site "Internet Chess Club"]
[Date "2021.08.15"]
[Round "6"]
[White "Grenadier"]
[Black "ascoli"]
[Result "0-1"]
[WhiteElo "1562"]
[BlackElo "1624"]
[Opening "French: advance, Milner-Barry gambit"]
[ECO "C02"]
[Time "09:01:12"]
[TimeControl "2700+45"]

1. e4 e6 2. d4 d5 3. e5 c5 4. c3 Nc6 5. Nf3 Qb6 6. Bd3 cxd4 7. Nxd4 Nxe5 8. Bc2
Nf6 9. O-O Bd6 10. Re1 O-O 11. Nd2 Neg4 12. N2f3 e5 13. h3 exd4 14. hxg4 dxc3
15. bxc3 Bxg4 16. Be3 Qc7 17. Bd4 Be7 18. Qd3 Ne4 19. Rxe4 dxe4 20. Qxe4 f5 21.
Qe6+ Kh8 22. Ne5 Bf6 23. Re1 Rae8 24. Ng6+ hxg6 25. Qxe8 Rxe8 26. Rxe8+ Kh7 27.
Bb3 Bxd4 28. cxd4 Qc1+ 29. Kh2 Qf4+ 30. Kg1 Qxd4 31. Bg8+ Kh6 32. Bb3 f4 33. Kf1
f3 34. g3 Qa1+ 35. Re1 Bh3+ 36. Kg1 Qxe1+ 37. Kh2 Qf1 {White resigns} 0-1

[Event "Team 45 45 League T89"]
[Site "Internet Chess Club"]
[Date "2021.08.13"]
[Round "6"]
[White "Ajolote"]
[Black "MrAbendroth"]
[Result "1-0"]
[WhiteElo "1947"]
[BlackElo "1663"]
[Opening "French: Chigorin variation"]
[ECO "C00"]
[Time "14:04:30"]
[TimeControl "2700+45"]

1. e4 e6 2. Qe2 c5 3. Nf3 Nc6 4. g3 g6 5. Bg2 Bg7 6. O-O Nge7 7. d3 O-O 8. Nbd2
d5 9. e5 Nf5 10. c3 b6 11. h4 Ba6 12. Re1 Rc8 13. Nf1 d4 14. Bg5 Nfe7 15. c4 h6
16. Bf4 Nf5 17. N1d2 Bb7 18. Ne4 Ba8 19. Kh2 Na5 20. Rh1 Bxe4 21. Qxe4 Nc6 22.
Kg1 h5 23. Kh2 Qc7 24. Rhe1 Nb4 25. Qe2 Rfe8 26. Ng5 Nc6 27. Bxc6 Qxc6 28. Ne4
Re7 29. a3 a5 30. b4 axb4 31. axb4 cxb4 32. Reb1 Bh6 33. Bg5 Bxg5 34. hxg5 Kg7
35. Rxb4 Qc7 36. Rb5 Ree8 37. Rab1 Rb8 38. Nd2 Qc6 39. Qe4 Qc7 40. Nf3 Red8 41.
Ra1 Rh8 42. Nxd4 h4 43. g4 Nxd4 44. Qxd4 Rhd8 45. Qe3 Qc6 46. Rab1 h3 47. f3 Ra8
48. Kxh3 Ra2 49. Kg3 Rh8 50. Rxb6 Qa8 51. R1b2 Rxb2 52. Rxb2 Qa1 53. Rd2 Qh1 54.
Kf4 Rh3 55. d4 Qa1 56. d5 exd5 57. cxd5 Rh1 58. Qd4 Qc1 59. e6+ Kf8 60. d6 Rd1
61. Qh8# {Black checkmated} 1-0

[Event "Team 45 45 League T89"]
[Site "Internet Chess Club"]
[Date "2021.08.15"]
[Round "6"]
[White "ILRE"]
[Black "manfredo"]
[Result "0-1"]
[WhiteElo "1595"]
[BlackElo "1594"]
[Opening "King's Indian: London system"]
[ECO "A48"]
[Time "16:00:22"]
[TimeControl "2700+45"]

1. d4 Nf6 2. Nf3 g6 3. Bf4 Bg7 4. h3 O-O 5. e3 d6 6. Be2 Nfd7 7. O-O e5 8. Bg5
Qe8 9. c4 h6 10. Bh4 e4 11. Nfd2 g5 12. Bg3 Nf6 13. Nc3 Bf5 14. Nb5 Qd7 15. Rc1
a6 16. Nc3 c5 17. d5 Qe7 18. a3 Nbd7 19. b4 b6 20. Qb3 Ne5 21. Rb1 g4 22. hxg4
Nexg4 23. bxc5 bxc5 24. Qc2 Nh5 25. Rb3 Nxe3 26. Bxd6 Qg5 27. fxe3 Qxe3+ 28. Kh2
Qg5 29. Rxf5 Qh4+ 30. Kg1 Bd4+ 31. Rf2 Qxf2+ 32. Kh2 Qh4# {White checkmated} 0-1

[Event "Team 45 45 League T89"]
[Site "Internet Chess Club"]
[Date "2021.08.15"]
[Round "6"]
[White "fireball"]
[Black "Timmah4651"]
[Result "1/2-1/2"]
[WhiteElo "1523"]
[BlackElo "1570"]
[Opening "French: advance, Nimzovich system"]
[ECO "C02"]
[Time "07:04:46"]
[TimeControl "2700+45"]

1. e4 e6 2. d4 d5 3. e5 c5 4. Nf3 Nc6 5. Bd3 cxd4 6. O-O Nge7 7. Re1 Ng6 8. a3
Qc7 9. Qe2 a5 10. a4 Bb4 11. Bd2 O-O 12. Bb5 Bxd2 13. Nbxd2 Nf4 14. Qd1 Ng6 15.
Qe2 Nf4 16. Qd1 Ng6 17. Qe2 Nf4 {Game drawn by repetition} 1/2-1/2

[Event "Team 45 45 League T89"]
[Site "Internet Chess Club"]
[Date "2021.08.14"]
[Round "6"]
[White "mongmong"]
[Black "ChessG2011"]
[Result "1-0"]
[WhiteElo "1547"]
[BlackElo "1445"]
[Opening "Grünfeld: Russian, Szabo (Boleslavsky) variation"]
[ECO "D97"]
[Time "12:03:42"]
[TimeControl "2700+45"]

1. d4 Nf6 2. Nf3 g6 3. c4 Bg7 4. Nc3 d5 5. Qb3 dxc4 6. Qxc4 O-O 7. e4 c6 8. Be2
Bg4 9. h3 Bxf3 10. Bxf3 Ne8 11. Be3 Nc7 12. O-O Nd7 13. Rad1 Nb6 14. Qb3 e6 15.
a4 Qd7 16. a5 Nc8 17. Qxb7 Nd6 18. Qb3 Rab8 19. Qa4 Rxb2 20. e5 Ndb5 21. Nxb5
Rxb5 22. Rc1 Nd5 23. Qc4 Rc8 24. a6 Rb6 25. Rb1 Rcb8 26. Rxb6 Rxb6 27. Rc1 h5
28. Bd2 Kh7 29. Bxd5 cxd5 30. Qc7 Qxc7 31. Rxc7 Rxa6 32. Rxf7 Kg8 33. Rb7 Kf8
34. Bb4+ Kg8 35. Bc5 Ra1+ 36. Kh2 Ra2 37. Rxa7 Rxf2 38. Re7 Bf8 39. Rxe6 Bxc5
40. dxc5 Kf7 41. Rd6 Rd2 42. c6 Rc2 43. Rxd5 Rxc6 44. Kg3 Ke6 45. Ra5 Kf5 46.
Kf3 Re6 47. g4+ hxg4+ 48. hxg4+ Kg5 49. Kg3 Rc6 50. Ra3 Re6 51. Re3 Kh6 52. Kf4
Re8 53. g5+ Kg7 54. e6 Kf8 55. Ke5 Ke7 56. Rf3 Rc8 57. Rf7+ Ke8 58. Rh7 Rc1 59.
Kf6 Rf1+ 60. Kxg6 Re1 61. e7 Rxe7 62. Rxe7+ Kxe7 63. Kh7 Ke6 64. g6 Ke5 65. g7
Kd5 66. g8=R Ke5 67. Rg4 Kf5 68. Ra4 Ke5 69. Kg6 Ke6 70. Kg5 Ke5 71. Kg4 Kd5 72.
Kf3 Ke5 73. Rb4 Kd5 74. Ke3 Kc5 75. Rh4 Kd5 76. Rg4 Ke5 77. Rg5+ Ke6 78. Kf4 Kf6
79. Ra5 Ke6 80. Rh5 Kd6 81. Ke4 Kc6 82. Kd4 Kd6 83. Rh6+ Ke7 84. Kd5 Kf7 85. Ke5
Kg7 86. Ra6 Kf7 87. Rb6 Kg7 88. Kf5 Kf7 89. Rb7+ Ke8 90. Kf6 Kd8 91. Ke6 Kc8 92.
Rh7 Kd8 93. Rg7 Kc8 94. Kd6 Kb8 95. Kc6 Ka8 96. Kc7 Ka7 97. Rg6 Ka8 98. Ra6#
{Black checkmated} 1-0

[Event "Team 45 45 League T89"]
[Site "Internet Chess Club"]
[Date "2021.08.13"]
[Round "6"]
[White "Gojira"]
[Black "mongmong"]
[Result "1-0"]
[WhiteElo "1567"]
[BlackElo "1535"]
[Opening "Queen's pawn"]
[ECO "A40"]
[Time "18:03:12"]
[TimeControl "2700+45"]

1. d4 e6 2. Bf4 Nf6 3. e3 b6 4. Nf3 Bb7 5. Bd3 d6 6. Nbd2 Nbd7 7. Qe2 Qe7 8. Ba6
Bxa6 9. Qxa6 Qd8 10. h3 Be7 11. O-O-O Qc8 12. Qc4 c6 13. Qd3 Qb7 14. Nc4 d5 15.
Nd6+ Bxd6 16. Bxd6 Ne4 17. Bg3 Nxg3 18. fxg3 O-O-O 19. Ng5 Rdf8 20. Nxh7 f6 21.
Nxf8 {Black resigns} 1-0

[Event "Team 45 45 League T89"]
[Site "Internet Chess Club"]
[Date "2021.08.11"]
[Round "6"]
[White "g8wrb"]
[Black "rkjulianjr"]
[Result "0-1"]
[WhiteElo "1273"]
[BlackElo "1309"]
[Opening "Nimzovich-Larsen attack: modern variation"]
[ECO "A01"]
[Time "13:04:12"]
[TimeControl "2700+45"]

1. b3 e5 2. Bb2 Nc6 3. e3 Nf6 4. Bb5 Bd6 5. d3 O-O 6. Ne2 a6 7. Bxc6 bxc6 8. O-O
Re8 9. e4 Bf8 10. f4 Bc5+ 11. Kh1 d6 12. h3 Ng4 13. hxg4 Qh4# {White checkmated}
0-1

[Event "Team 45 45 League T89"]
[Site "Internet Chess Club"]
[Date "2021.08.14"]
[Round "6"]
[White "CMAlge"]
[Black "SeniorCitizen"]
[Result "0-1"]
[WhiteElo "1248"]
[BlackElo "1264"]
[Opening "French: advance, Paulsen attack"]
[ECO "C02"]
[Time "13:00:51"]
[TimeControl "2700+45"]

1. e4 e6 2. d4 d5 3. e5 c5 4. c3 Nc6 5. Nf3 Qb6 6. a3 Bd7 7. b4 cxd4 8. cxd4 g6
9. Nc3 a6 10. Na4 Qc7 11. Nc5 Bxc5 12. bxc5 b6 13. Qc2 b5 14. Bg5 h6 15. Bf6
Nxf6 16. exf6 Qf4 17. Rd1 Qxf6 18. Qb2 Qd8 19. Bd3 Qf6 20. Ne5 Nxe5 21. dxe5 Qe7
22. Qc2 Bc6 23. O-O Qc7 24. f4 Qb7 25. Rde1 O-O-O 26. Qe2 Kc7 27. a4 Ra8 28. f5
Rhg8 29. fxg6 Rxg6 30. Bxg6 fxg6 31. Rf7+ Bd7 32. Qg4 Qc6 33. Rc1 bxa4 34. Qxg6
Rb8 35. Qxh6 a3 36. Qe3 a2 37. Qa3 Rb1 38. Qa5+ Kc8 39. Rf8+ Be8 40. Rxe8+ Qxe8
41. Qxa6+ Kb8 42. Qd6+ Kb7 43. c6+ Kc8 44. Qa3 a1=Q 45. Qxa1 Rxa1 46. Rxa1 Qxc6
47. Kf2 {White resigns} 0-1

[Event "Team 45 45 League T89"]
[Site "Internet Chess Club"]
[Date "2021.08.14"]
[Round "6"]
[White "PsyMar"]
[Black "seldredg"]
[Result "0-1"]
[WhiteElo "1308"]
[BlackElo "1361"]
[Opening "Philidor: Improved Hanham variation"]
[ECO "B07"]
[Time "13:02:16"]
[TimeControl "2700+45"]

1. e4 d6 2. d4 Nf6 3. Nc3 Nbd7 4. Nf3 e5 5. Bc4 Be7 6. Ng5 O-O 7. dxe5 dxe5 8.
Bxf7+ Rxf7 9. Ne6 Qe8 10. Nxc7 Qf8 11. Ne6 Qe8 12. Nd5 Nxd5 13. Qxd5 Nb6 14.
Qxe5 Bxe6 15. Be3 Bf6 16. Qg3 Qb5 17. c3 Qxb2 18. O-O Rd8 19. e5 Be7 20. Bd4 Qc2
21. h4 Na4 22. Rac1 Qxa2 23. Ra1 Qc4 24. h5 a6 25. Rfb1 b5 26. Rc1 Bc5 27. Rab1
a5 28. h6 g6 29. Qh4 Rdf8 30. Qg3 Nb6 31. Rd1 Nd5 32. Bxc5 Qxc5 33. Rbc1 Rxf2
34. Kh2 {White resigns} 0-1

[Event "Team 45 45 League T89"]
[Site "Internet Chess Club"]
[Date "2021.08.14"]
[Round "6"]
[White "gduranko"]
[Black "julesraider"]
[Result "0-1"]
[WhiteElo "1383"]
[BlackElo "1535"]
[Opening "Caro-Kann: exchange, Rubinstein variation"]
[ECO "B13"]
[Time "16:00:12"]
[TimeControl "2700+45"]

1. e4 c6 2. d4 d5 3. exd5 cxd5 4. Bd3 Nc6 5. c3 Nf6 6. Bf4 Bg4 7. Qb3 Qc8 8. Nd2
e6 9. Ngf3 Be7 10. O-O O-O 11. h3 Bh5 12. Rae1 Bg6 13. Bxg6 hxg6 14. g4 a6 15.
Kg2 b5 16. Ne5 Na5 17. Qc2 b4 18. Rh1 bxc3 19. bxc3 Nc6 20. f3 Nxd4 21. Qd3 Nb5
22. h4 Qxc3 23. Qxc3 Nxc3 24. h5 gxh5 25. gxh5 Nxa2 26. Bg5 Rfe8 27. Nc6 Kf8 28.
h6 g6 29. f4 Rac8 30. Ne5 Nh7 31. Bxe7+ Kxe7 32. Ndf3 Rc2+ 33. Kg3 Nc3 34. Ng5
Ne4+ 35. Nxe4 dxe4 36. Rxe4 Rec8 37. Rd1 Nf6 38. Ra4 R8c3+ 39. Rd3 Rc1 40. Rxa6
Ne4+ 41. Kf3 Rxd3+ 42. Nxd3 Nd2+ 43. Kg4 Rg1+ 44. Kh3 Rh1+ {White resigns} 0-1